Map: Magannatha LE

Players

Tolbert - Winner!

  • Race: Terran Terran
  • League: Gold
  • Spawn Location: 5:00

Applepi

  • Race: Zerg Zerg
  • League: Silver
  • Spawn Location: 11:00

VOD

Have the link to the VOD?

Description

Time

  • Played on: May 9, 2025, 5:01 a.m.
  • Length: 9:34
Show
View Real Time Build Order
Export as new Build Order

Tolbert Terran - Winner!

Build Orders: 1/1/1 

Get SALT Encoding   

  12  0:00  SCV  
  13  0:12  SCV  
  14  0:19  Supply Depot  
  14  0:24  SCV  
  15  0:30  Refinery  
  15  0:43  Barracks  
  15  0:46  SCV  
  16  0:54  Supply Depot  
  16  0:59  SCV  
  17  1:11  SCV  
  18  1:23  SCV  
  19  1:30  Marine  
  20  1:36  Factory  
  20  1:38  Orbital Command  
  20  1:49  Barracks Tech Lab  
  20  1:57  Barracks  
  20  2:00  Refinery  
  20  2:05  SCV  
  20  2:08  Marine  
  22  2:24  Starport  
  22  2:29  SCV  
  23  2:30  Marine  
  23  2:36  Factory Reactor  
  24  2:45  Barracks Reactor  
  24  2:48  Barracks, Marine  
  25  2:52  SCV  
  26  3:04  SCV  
  26  3:05  Supply Depot  
  27  3:06  Marine  
  28  3:21  Marine x2  
  30  3:30  Supply Depot  
  30  3:32  Medivac, Engineering Bay  
  32  3:35  Medivac  
  32  3:38  Factory Tech Lab  
  32  3:39  Marine x2  
  32  3:40  Marine  
  37  3:47  Marine  
  38  3:53  Stimpack  
  38  3:57  Marine x2  
  40  4:04  Marine  
  40  4:09  Marine  
  41  4:12  Siege Tank  
  45  4:35  Barracks Tech Lab  
  45  4:47  Command Center  
  45  4:48  Medivac  
  47  4:59  Supply Depot  
  47  5:11  Marine  
  47  5:16  Marine  
  47  5:18  Marine  
  38  5:31  Marine x2  
  38  5:32  Siege Tank  
  38  5:33  Marine  
  44  5:36  Marine  
  45  5:45  Supply Depot  
  45  5:46  Supply Depot  
  45  5:48  Marine  
  45  5:49  Marine  
  47  6:03  Supply Depot  
  47  6:04  Siege Tank  
  47  6:05  Terran Infantry Weapons Level 1  
  47  6:09  Marine x2  
  52  6:27  Bunker  
  52  6:39  Combat Shield  
  52  6:41  Medivac  
  52  6:42  Medivac  
  52  6:45  Marauder  
  52  6:46  Marauder  
  60  7:00  Orbital Command  
  60  7:02  Marine  
  60  7:03  Refinery  
  55  7:55  Orbital Command  
  55  8:02  Marine x3  
  55  8:03  Marine  
  55  8:04  Siege Tank  
  62  8:19  Liberator x2  
  68  8:26  Supply Depot  
  67  8:49  Supply Depot  
  66  9:02  Medivac  
Show
View Real Time Build Order
Export as new Build Order

Applepi Zerg 

Build Orders: Pool First 

Get SALT Encoding   

  12  0:02  Drone  
  13  0:13  Overlord  
  13  0:17  Drone  
  14  0:31  Drone  
  14  0:35  Drone  
  16  0:37  Drone  
  16  0:42  Extractor  
  16  0:51  Drone, Spawning Pool  
  16  1:01  Drone  
  17  1:19  Hatchery  
  17  1:21  Drone  
  18  1:25  Drone  
  18  1:38  Overlord  
  18  1:43  Zergling x2  
  19  1:51  Queen  
  21  1:55  Drone  
  22  2:04  Zergling x2  
  23  2:14  Drone  
  24  2:25  Drone  
  24  2:27  Queen  
  27  2:33  Queen  
  27  2:36  Drone x2  
  31  2:45  Drone  
  31  2:48  Drone  
  33  2:57  Overlord x2  
  33  3:06  Lair  
  33  3:15  Evolution Chamber  
  33  3:17  Roach Warren  
  33  3:19  Drone x3  
  34  3:38  Queen  
  37  3:41  Drone x2  
  37  3:42  Drone x2  
  40  3:50  Drone x2  
  40  3:52  Extractor  
  40  3:54  Zerg Missile Weapons Level 1  
  41  3:59  Roach x2  
  45  4:11  Roach  
  45  4:12  Roach x2  
  45  4:14  Overlord  
  45  4:16  Overlord  
  51  4:31  Overlord x2  
  51  4:33  Drone x3  
  51  4:37  Roach x2  
  58  4:48  Roach x4  
  58  4:51  Roach  
  68  4:58  Metabolic Boost  
  68  5:12  Roach x2  
  68  5:14  Overlord x2  
  68  5:19  Zergling x8  
  68  5:33  Queen  
  65  5:36  Roach x2  
  65  5:38  Zergling x2  
  65  5:39  Zergling x2  
  65  5:42  Drone  
  72  5:48  Zerg Melee Weapons Level 1  
  71  5:54  Roach  
  71  5:55  Roach x3  
  79  6:08  Queen  
  81  6:15  Roach x5  
  91  6:22  Roach x2  
  93  6:26  Overlord  
  93  6:38  Roach  
  93  6:39  Roach x2  
  99  6:47  Overlord  
  99  6:48  Overlord  
  99  6:53  Roach  
  101  7:07  Overlord x2  
  101  7:12  Roach  
  101  7:13  Roach x2  
  105  7:24  Roach x3  
  105  7:28  Extractor  
  110  7:30  Drone  
  110  7:31  Drone  
  110  7:32  Extractor  
  110  7:33  Drone  
  112  7:41  Roach  
  112  7:47  Drone x3  
  57  8:12  Roach x4  
  69  8:13  Roach x2  
  69  8:17  Drone x2  
  69  8:19  Drone  
  72  8:21  Drone  
  73  8:27  Drone x2  
  73  8:29  Drone  
  73  8:31  Drone  
  73  8:34  Drone  
  78  8:36  Drone  
  79  8:43  Roach  
  79  8:44  Roach  
  69  8:59  Drone  
  57  9:10  Hatchery  
Tags
 
Add a new tag
Caveats
  • Supply blocks, unpowered buildings, or Contaminate may cause inaccurate times.
  • Supply counts are checked every 10 seconds.